General information
- name: BNet
- type: Ladder team game (AT/RT)
- host: Battle.net
- saver: w00tah.com
map: DragonFalls
- players: 8
- length: 43:39
- speed: Fast
- version: 1.21 W3XP
- replay type: Public
» download(261 KB)
Players
team 1 (loser)
funzi (
purple | 38 APM | 1649 actions | 43:37)
9 Priestess of the Moon
3 Trueshot Aura
3 Searing Arrows
1 Starfall
2 Scout
1 Far Seer
1 Chain Lighting
» actions
| Assign group hotkey | 11 | |
| Basic commands | 1 | |
| Build / train | 107 | |
| Enter build submenu | 26 | |
| Enter hero's abilities submenu | 9 | |
| Remove unit from queue | 1 | |
| Right click | 760 | |
| Select / deselect | 607 | |
| Select group hotkey | 63 | |
| Use ability | 64 | |
1649 total
» units
| Wisp | 24 | |
| Archer | 5 | |
| Huntress | 3 | |
| Glaive Thrower | 3 | |
| Dryad | 7 | |
| Hippogryph | 15 | |
| Druid of the Talon | 23 | |
| Green Drake | 1 | |
| Green Dragon | 1 | |
| Green Dragon Whelp | 1 | |
83 total
» upgrades
| Vorpal Blades | 1 | |
| Reinforced Hides | 2 | |
| Strength of the Wild | 3 | |
| Druid of the Talon Training | 2 | |
| Mark of the Talon | 1 | |
9 total
» buildings
| Altar of Elders | 1 | |
| Moon Well | 8 | |
| Ancient of War | 1 | |
| Hunter's Hall | 2 | |
| Tree of Ages | 2 | |
| Ancient Protector | 1 | |
| Ancient of Lore | 1 | |
| Tree of Life | 3 | |
| Tree of Eternity | 2 | |
| Ancient of Wind | 3 | |
24 total
» build order
00:13 Altar of Elders
00:20 Moon Well
01:20 Ancient of War
01:39 Moon Well
01:59 Moon Well
02:32 Hunter's Hall
03:07 Hunter's Hall
04:15 Tree of Ages
07:22 Ancient Protector
07:24 Ancient of Lore
08:46 Moon Well
09:38 Tree of Life
14:04 Tree of Eternity
14:07 Ancient of Wind
15:10 Moon Well
16:05 Tree of Life
16:20 Tree of Life
16:23 Tree of Ages
19:45 Ancient of Wind
20:29 Ancient of Wind
20:48 Tree of Eternity
26:18 Moon Well
26:20 Moon Well
26:21 Moon Well
Mr.Patato. (
orange | 46 APM | 1983 actions | 43:28)
7 Death Knight
3 Death Coil
2 Unholy Aura
1 Death Pact
1 Animate Dead
» actions
| Assign group hotkey | 8 | |
| Basic commands | 4 | |
| Build / train | 63 | |
| Enter build submenu | 24 | |
| Enter hero's abilities submenu | 7 | |
| Remove unit from queue | 3 | |
| Right click | 1114 | |
| Select / deselect | 386 | |
| Select group hotkey | 294 | |
| Use ability | 79 | |
1983 total
» units
| Acolyte | 14 | |
| Ghoul | 2 | |
| Crypt Fiend | 10 | |
| Obsidian Statue | 1 | |
| Meatwagon | 1 | |
| Gargoyle | 5 | |
| Green Dragon | 3 | |
| Green Drake | 2 | |
| Green Dragon Whelp | 1 | |
39 total
» upgrades
| Creature Attack | 3 | |
| Web | 1 | |
| Creature Carapace | 1 | |
5 total
» buildings
| Crypt | 4 | |
| Graveyard | 2 | |
| Ziggurat | 14 | |
| Altar of Darkness | 1 | |
| Nerubian Tower | 2 | |
| Spirit Tower | 2 | |
| Halls of the Dead | 1 | |
| Tomb of Relics | 1 | |
| Black Citadel | 1 | |
| Slaughterhouse | 1 | |
| Sacrificial Pit | 1 | |
| Necropolis | 1 | |
31 total
» build order
00:08 Crypt
00:13 Graveyard
00:45 Ziggurat
01:08 Altar of Darkness
01:35 Ziggurat
01:42 Nerubian Tower
02:31 Spirit Tower
03:34 Ziggurat
04:45 Halls of the Dead
06:32 Tomb of Relics
06:35 Ziggurat
07:09 Black Citadel
07:16 Slaughterhouse
08:33 Black Citadel
09:38 Sacrificial Pit
10:24 Ziggurat
12:09 Crypt
12:20 Ziggurat
14:19 Ziggurat
18:01 Ziggurat
21:45 Spirit Tower
32:31 Necropolis
32:36 Ziggurat
32:37 Ziggurat
32:38 Ziggurat
34:47 Ziggurat
34:49 Ziggurat
34:50 Ziggurat
37:41 Nerubian Tower
39:54 Crypt
39:57 Crypt
41:14 Graveyard
» items
W[OO]T (
blue | 25 APM | 1106 actions | 43:31)
8 Archmage
2 Brilliance Aura
3 Summon Water Elemental
2 Blizzard
1 Mass Teleport
» actions
| Assign group hotkey | 4 | |
| Basic commands | 25 | |
| Build / train | 74 | |
| Enter build submenu | 24 | |
| Enter hero's abilities submenu | 8 | |
| Remove unit from queue | 11 | |
| Right click | 505 | |
| Select / deselect | 376 | |
| Select group hotkey | 9 | |
| Use ability | 70 | |
1106 total
» units
| Peasant | 14 | |
| Rifleman | 17 | |
| Mortar Team | 4 | |
| Dragonhawk Rider | 11 | |
| Gryphon Rider | -5 | |
41 total
» upgrades
| Gunpowder | 3 | |
| Armor | 3 | |
| Long Rifles | 1 | |
| Flare | 1 | |
| Fragmentation Shards | 1 | |
| Storm Hammers | 1 | |
| Cloud | 1 | |
11 total
» buildings
| Altar of Kings | 2 | |
| Farm | 12 | |
| Blacksmith | 1 | |
| Barracks | 2 | |
| Lumber Mill | 1 | |
| Keep | 1 | |
| Castle | 1 | |
| Workshop | 2 | |
| Gryphon Aviary | 2 | |
| Arcane Vault | 1 | |
25 total
» build order
00:08 Altar of Kings
00:26 Farm
00:45 Blacksmith
00:57 Farm
01:56 Barracks
02:39 Farm
03:08 Barracks
03:34 Farm
03:50 Lumber Mill
05:14 Farm
05:31 Keep
08:21 Farm
08:22 Farm
08:56 Castle
10:41 Workshop
11:41 Workshop
12:06 Farm
12:08 Farm
14:12 Gryphon Aviary
14:13 Gryphon Aviary
17:27 Arcane Vault
20:42 Farm
20:43 Farm
23:50 Farm
41:48 Altar of Kings
Xo-HeLL (
red | 75 APM | 1870 actions | 24:47)
3 Far Seer
2 Feral Spirit
1 Chain Lighting
2 Shadow Hunter
1 Healing Wave
1 Hex
» actions
| Assign group hotkey | 25 | |
| Basic commands | 59 | |
| Build / train | 84 | |
| ESC pressed | 1 | |
| Enter build submenu | 21 | |
| Enter hero's abilities submenu | 5 | |
| Remove unit from queue | 2 | |
| Right click | 485 | |
| Select / deselect | 450 | |
| Select group hotkey | 633 | |
| Use ability | 105 | |
1870 total
» units
| Peon | 21 | |
| Grunt | 7 | |
| Demolisher | 2 | |
| Troll Witch Doctor | 4 | |
| Tauren | 7 | |
| Spirit Walker | 4 | |
45 total
» upgrades
| Berserker Strength | 1 | |
| Armor | 3 | |
| Witch Doctor Training | 2 | |
| Melee Weapons | 2 | |
| Burning Oil | 1 | |
| Pulverize | 1 | |
| Berserker Upgrade | 1 | |
| Spirit Walker Training | 3 | |
| Backpack | 0 | |
14 total
» buildings
| Altar of Storms | 1 | |
| Orc Burrow | 7 | |
| Barracks | 1 | |
| Voodoo Lounge | 1 | |
| Stronghold | 2 | |
| War Mill | 1 | |
| Spirit Lodge | 1 | |
| Fortress | 3 | |
| Tauren Totem | 1 | |
| Watch Tower | 6 | |
24 total
» build order
00:06 Altar of Storms
00:11 Orc Burrow
00:47 Barracks
01:31 Orc Burrow
01:57 Voodoo Lounge
03:15 Stronghold
03:29 Orc Burrow
04:11 War Mill
05:12 Orc Burrow
06:10 Spirit Lodge
07:16 Fortress
07:16 Fortress
12:13 Orc Burrow
12:15 Orc Burrow
12:56 Tauren Totem
16:50 Watch Tower
16:52 Watch Tower
17:19 Orc Burrow
22:46 Watch Tower
23:14 Watch Tower
23:16 Watch Tower
23:20 Watch Tower
» items
| Healing Salve | 2 | |
| Tiny Great Hall | 1 | |
3 total
team 2 (winner)
MercyfulFate (
yellow | 50 APM | 2188 actions | 43:37)
6 Blademaster
3 Wind Walk
2 Critical Strike
1 Bladestorm
3 Tauren Chieftain
2 Shockwave
1 Endurance Aura
» actions
| Assign group hotkey | 12 | |
| Basic commands | 8 | |
| Build / train | 68 | |
| ESC pressed | 10 | |
| Enter build submenu | 43 | |
| Enter hero's abilities submenu | 9 | |
| Give item / drop item | 3 | |
| Remove unit from queue | 1 | |
| Right click | 1158 | |
| Select / deselect | 296 | |
| Select group hotkey | 375 | |
| Use ability | 204 | |
2188 total
» units
» upgrades
| Liquid Fire | 1 | |
| Reinforced Defenses | 1 | |
| Ranged Weapons | 1 | |
3 total
» buildings
| Altar of Storms | 3 | |
| Orc Burrow | 8 | |
| War Mill | 3 | |
| Watch Tower | 48 | |
| Voodoo Lounge | 3 | |
| Stronghold | 2 | |
| Beastiary | 4 | |
| Fortress | 2 | |
| Great Hall | 2 | |
75 total
» build order
00:07 Altar of Storms
00:12 Orc Burrow
00:30 War Mill
01:37 Orc Burrow
02:31 Watch Tower
02:32 Watch Tower
03:29 Watch Tower
03:31 Watch Tower
03:33 Watch Tower
03:35 Watch Tower
03:46 Watch Tower
03:56 Voodoo Lounge
04:02 Voodoo Lounge
04:22 Watch Tower
05:12 Watch Tower
05:13 Watch Tower
05:44 Stronghold
05:53 Watch Tower
05:55 Watch Tower
07:22 Watch Tower
07:23 Watch Tower
07:24 Watch Tower
07:57 Orc Burrow
07:58 Orc Burrow
08:02 Orc Burrow
08:42 Beastiary
08:43 Beastiary
10:07 War Mill
12:00 Fortress
14:41 Watch Tower
14:42 Watch Tower
14:43 Watch Tower
14:45 Watch Tower
14:46 Watch Tower
14:47 Watch Tower
16:05 Watch Tower
16:06 Watch Tower
16:08 Watch Tower
16:09 Watch Tower
16:12 Watch Tower
16:42 Great Hall
18:07 Watch Tower
18:08 Watch Tower
18:09 Watch Tower
18:12 Watch Tower
18:14 Watch Tower
18:34 Watch Tower
18:36 Watch Tower
20:55 Watch Tower
20:55 Watch Tower
20:56 Watch Tower
21:01 Watch Tower
22:25 Watch Tower
22:26 Watch Tower
22:28 Watch Tower
22:29 Watch Tower
25:08 War Mill
29:32 Beastiary
29:33 Beastiary
30:14 Watch Tower
30:15 Watch Tower
30:15 Watch Tower
30:16 Watch Tower
30:18 Watch Tower
30:19 Watch Tower
30:21 Watch Tower
30:39 Altar of Storms
30:40 Orc Burrow
30:41 Orc Burrow
30:46 Altar of Storms
30:49 Orc Burrow
40:06 Stronghold
40:13 Voodoo Lounge
40:28 Great Hall
43:20 Fortress
» items
| Healing Salve | 2 | |
| Lesser Clarity Potion | 2 | |
| Orb of Lightning | 1 | |
| Potion of Healing | 4 | |
| Potion of Mana | 1 | |
10 total
mikolovesyou (
green | 52 APM | 2288 actions | 43:37)
10 Blademaster
3 Wind Walk
3 Critical Strike
1 Bladestorm
3 Mirror Image
» actions
| Assign group hotkey | 6 | |
| Basic commands | 1 | |
| Build / train | 82 | |
| Enter build submenu | 34 | |
| Enter hero's abilities submenu | 10 | |
| Give item / drop item | 2 | |
| Right click | 1601 | |
| Select / deselect | 314 | |
| Select group hotkey | 121 | |
| Use ability | 117 | |
2288 total
» units
» upgrades
| Liquid Fire | 1 | |
| Ranged Weapons | 3 | |
| Reinforced Defenses | 1 | |
| Armor | 1 | |
6 total
» buildings
| Orc Burrow | 4 | |
| Altar of Storms | 2 | |
| War Mill | 3 | |
| Voodoo Lounge | 2 | |
| Stronghold | 2 | |
| Watch Tower | 20 | |
| Beastiary | 2 | |
| Fortress | 1 | |
| Great Hall | 1 | |
37 total
» build order
00:12 Orc Burrow
00:16 Altar of Storms
01:10 War Mill
01:40 Voodoo Lounge
02:46 Stronghold
02:55 Orc Burrow
03:05 Watch Tower
03:14 Watch Tower
03:43 Watch Tower
03:48 Watch Tower
04:14 Watch Tower
04:36 Watch Tower
05:44 Watch Tower
05:48 Watch Tower
06:01 Beastiary
06:09 Beastiary
07:14 Watch Tower
07:16 Watch Tower
08:40 Watch Tower
08:42 Watch Tower
08:52 Fortress
09:19 Watch Tower
09:19 Watch Tower
09:50 Watch Tower
10:54 Orc Burrow
10:56 Orc Burrow
11:21 Watch Tower
12:19 Watch Tower
12:20 Watch Tower
12:28 Watch Tower
12:29 Watch Tower
20:25 War Mill
20:54 War Mill
21:27 Great Hall
42:32 Altar of Storms
42:36 Voodoo Lounge
42:37 Stronghold
» items
| Healing Salve | 3 | |
| Lesser Clarity Potion | 2 | |
| Potion of Healing | 6 | |
| Potion of Mana | 3 | |
| Orb of Lightning | 1 | |
15 total
OMGGOONRUSH (
pink | 39 APM | 1708 actions | 43:37)
7 Archmage
3 Blizzard
3 Brilliance Aura
1 Mass Teleport
» actions
| Assign group hotkey | 46 | |
| Basic commands | 10 | |
| Build / train | 90 | |
| ESC pressed | 3 | |
| Enter build submenu | 34 | |
| Enter hero's abilities submenu | 7 | |
| Give item / drop item | 9 | |
| Remove unit from queue | 1 | |
| Right click | 880 | |
| Select / deselect | 421 | |
| Select group hotkey | 40 | |
| Use ability | 165 | |
1708 total
» units
| Peasant | 14 | |
| Gryphon Rider | 3 | |
| Dragonhawk Rider | 6 | |
23 total
» upgrades
| Masonry | 3 | |
| Lumber Harvesting | 2 | |
| Storm Hammers | 1 | |
| Swords | 1 | |
| Armor | 1 | |
8 total
» buildings
| Lumber Mill | 3 | |
| Altar of Kings | 1 | |
| Farm | 10 | |
| Scout Tower | 39 | |
| Guard Tower | 18 | |
| Arcane Vault | 1 | |
| Keep | 1 | |
| Gryphon Aviary | 2 | |
| Castle | 1 | |
| Arcane Sanctum | 1 | |
| Blacksmith | 1 | |
| Town Hall | 2 | |
80 total
» build order
00:09 Lumber Mill
00:13 Altar of Kings
00:32 Farm
01:28 Scout Tower
01:29 Scout Tower
01:42 Scout Tower
01:45 Scout Tower
01:57 Guard Tower
02:07 Scout Tower
02:13 Guard Tower
02:29 Guard Tower
02:44 Scout Tower
02:50 Scout Tower
02:53 Guard Tower
03:07 Guard Tower
03:12 Scout Tower
03:42 Guard Tower
03:45 Scout Tower
03:48 Scout Tower
03:57 Farm
05:14 Guard Tower
05:26 Scout Tower
05:28 Scout Tower
05:29 Scout Tower
05:30 Scout Tower
05:35 Scout Tower
05:36 Scout Tower
05:37 Scout Tower
05:39 Scout Tower
05:56 Guard Tower
06:10 Arcane Vault
06:22 Guard Tower
06:57 Keep
07:32 Guard Tower
09:20 Farm
09:21 Farm
11:00 Gryphon Aviary
11:02 Gryphon Aviary
11:05 Castle
13:27 Lumber Mill
13:51 Arcane Sanctum
13:56 Scout Tower
13:57 Scout Tower
13:58 Scout Tower
13:59 Scout Tower
14:01 Scout Tower
14:04 Scout Tower
14:05 Scout Tower
14:10 Scout Tower
14:13 Scout Tower
14:16 Scout Tower
14:41 Guard Tower
16:18 Guard Tower
16:49 Scout Tower
16:52 Scout Tower
16:59 Scout Tower
17:19 Scout Tower
17:24 Scout Tower
17:26 Guard Tower
18:05 Farm
18:07 Farm
18:08 Farm
18:10 Farm
18:13 Farm
18:14 Farm
18:30 Guard Tower
18:33 Scout Tower
18:35 Scout Tower
19:06 Guard Tower
19:11 Scout Tower
19:12 Scout Tower
19:14 Scout Tower
19:17 Scout Tower
19:59 Guard Tower
20:08 Guard Tower
20:23 Blacksmith
20:27 Guard Tower
20:38 Town Hall
20:52 Lumber Mill
42:21 Town Hall
» items
| Healing Salve | 1 | |
| Lesser Clarity Potion | 4 | |
| Boots of Speed | 1 | |
| Periapt of Vitality | 2 | |
| Staff of Teleportation | 1 | |
| Potion of Lesser Invulnerability | 4 | |
| Potion of Invisibility | 5 | |
| Potion of Healing | 7 | |
| Scroll of Regeneration | 4 | |
| Potion of Mana | 1 | |
30 total
w00tah.com (
teal | 30 APM | 1314 actions | 43:39)
6 Archmage
3 Blizzard
2 Brilliance Aura
1 Mass Teleport
» actions
| Assign group hotkey | 7 | |
| Basic commands | 5 | |
| Build / train | 120 | |
| ESC pressed | 3 | |
| Enter build submenu | 51 | |
| Enter hero's abilities submenu | 6 | |
| Remove unit from queue | 1 | |
| Right click | 513 | |
| Select / deselect | 445 | |
| Select group hotkey | 10 | |
| Use ability | 153 | |
1314 total
» units
| Peasant | 14 | |
| Sorceress | 3 | |
| Siege Engine | 1 | |
| Mortar Team | 6 | |
| Flying Machine | 33 | |
57 total
» upgrades
| Masonry | 3 | |
| Magic Sentry | 1 | |
| Lumber Harvesting | 2 | |
| Sorceress Training | 1 | |
| Gunpowder | 3 | |
| Fragmentation Shards | 1 | |
| Flare | 1 | |
| Flak Cannons | 1 | |
| Plating | 3 | |
| Flying Machine Bombs | 1 | |
17 total
» buildings
| Altar of Kings | 1 | |
| Farm | 17 | |
| Lumber Mill | 3 | |
| Scout Tower | 65 | |
| Guard Tower | 26 | |
| Arcane Vault | 2 | |
| Keep | 1 | |
| Arcane Sanctum | 1 | |
| Castle | 1 | |
| Gryphon Aviary | 3 | |
| Blacksmith | 1 | |
| Workshop | 5 | |
| Town Hall | 1 | |
127 total
» build order
00:06 Altar of Kings
00:10 Farm
00:19 Lumber Mill
01:02 Farm
02:08 Scout Tower
02:11 Scout Tower
02:27 Scout Tower
02:31 Scout Tower
02:38 Guard Tower
02:48 Scout Tower
02:51 Scout Tower
02:56 Arcane Vault
03:06 Guard Tower
03:10 Guard Tower
03:30 Guard Tower
03:33 Guard Tower
04:05 Scout Tower
04:06 Scout Tower
04:08 Scout Tower
04:09 Scout Tower
04:28 Keep
04:38 Scout Tower
04:41 Scout Tower
04:42 Scout Tower
04:45 Guard Tower
05:21 Guard Tower
05:23 Scout Tower
05:32 Scout Tower
05:34 Scout Tower
05:36 Scout Tower
05:37 Scout Tower
05:40 Guard Tower
05:51 Scout Tower
05:53 Scout Tower
05:54 Scout Tower
05:56 Scout Tower
05:57 Scout Tower
05:59 Scout Tower
06:01 Scout Tower
06:04 Scout Tower
06:12 Guard Tower
06:17 Scout Tower
08:17 Guard Tower
08:19 Guard Tower
09:11 Scout Tower
09:12 Scout Tower
09:30 Guard Tower
09:54 Lumber Mill
10:34 Arcane Sanctum
10:48 Farm
10:49 Farm
12:01 Scout Tower
12:02 Scout Tower
12:03 Scout Tower
12:13 Scout Tower
12:14 Scout Tower
12:15 Scout Tower
12:17 Scout Tower
12:20 Farm
12:22 Farm
12:26 Guard Tower
12:33 Arcane Vault
12:41 Guard Tower
13:02 Guard Tower
14:01 Castle
14:22 Guard Tower
14:57 Gryphon Aviary
15:12 Blacksmith
15:15 Guard Tower
15:21 Farm
15:22 Farm
15:23 Farm
16:28 Workshop
16:37 Workshop
17:33 Scout Tower
17:33 Scout Tower
17:34 Scout Tower
17:35 Scout Tower
17:35 Scout Tower
17:38 Scout Tower
18:28 Guard Tower
18:32 Guard Tower
19:37 Scout Tower
19:41 Scout Tower
19:42 Scout Tower
19:44 Scout Tower
19:52 Guard Tower
20:00 Scout Tower
20:02 Scout Tower
20:02 Scout Tower
20:03 Scout Tower
20:04 Scout Tower
20:07 Scout Tower
20:07 Scout Tower
20:09 Scout Tower
20:12 Guard Tower
20:47 Lumber Mill
21:21 Guard Tower
22:43 Guard Tower
23:08 Town Hall
23:15 Scout Tower
23:17 Scout Tower
23:20 Scout Tower
23:21 Scout Tower
23:23 Scout Tower
23:23 Scout Tower
24:03 Guard Tower
24:46 Guard Tower
24:57 Scout Tower
24:59 Scout Tower
25:00 Scout Tower
25:02 Scout Tower
25:04 Scout Tower
25:37 Guard Tower
31:43 Gryphon Aviary
31:48 Gryphon Aviary
33:35 Farm
33:36 Farm
33:37 Farm
33:39 Farm
33:40 Farm
33:41 Farm
34:31 Workshop
34:37 Workshop
34:38 Workshop
37:30 Farm
37:31 Farm
» items
| Mechanical Critter | 1 | |
| Potion of Healing | 3 | |
| Potion of Mana | 2 | |
| Ivory Tower | 3 | |
| Scroll of Regeneration | 1 | |
10 total
Chat log
(24:47 / All) w00tah.com: LOOSE LIKE YER MOM
(24:48 / All) w00tah.com: OH SNAP
(24:49 / All) MercyfulFate: fagets
(24:51 / All) OMGGOONRUSH: burn
(24:56 / All) OMGGOONRUSH: gg leave fags
(43:31 / All) w00tah.com: gg fags
(43:32 / All) MercyfulFate: gg
(43:37 / All) OMGGOONRUSH: gg losers